 Dungeon Crawl Stone Soup version 0.20-a0-1109-ge3cd172 (console) character file.

191392 nht the Deadly Accurate (level 18, -4/185 HPs)
             Began as an Ogre Fighter on May 5, 2017.
             Was the Champion of Ru.
             Slain by a two-headed ogre
             ... wielding a +0 giant spiked club
              (29 damage)
             ... on level 14 of the Dungeon.
             The game lasted 02:05:19 (38205 turns).

nht the Deadly Accurate (Ogre Fighter)             Turns: 38205, Time: 02:05:20

Health: -4/185     AC:  9    Str: 25    XL:     18   Next: 20%
Magic:  30/30      EV:  2    Int: 17    God:    Ru [******]
Gold:   576        SH: 24    Dex:  8    Spells: 15/30 levels left

rFire    . . .     SeeInvis .   a - +2 whip (elec)
rCold    . . .     Gourm    .   T - +0 large shield
rNeg     . . .     Faith    .   G - +0 troll leather armour
rPois    +         Spirit   .   E - +2 hat
rElec    .         Reflect  +   y - scarf {cloud immunity}
rCorr    +         Harm     .   (gloves unavailable)
MR       +....                  (boots unavailable)
Stlth    ..........             u - +6 amulet of reflection
Regen    0.8/turn               h - ring of poison resistance
MPRegen  0.3/turn               K - ring of resist corrosion

@: about to teleport, marked, very heavily drained
A: unfitting armour, talons 1, slimy green scales 1, blink, clever 1, high mp 1,
screaming 2, tough skin 1, evolution 1, no stealth, inability to use devices,
inability to train dodging, reduced EV 1
}: 1/15 runes: decaying
a: Blink, Draw Out Power, Power Leap, Apocalypse, Renounce Religion


You were on level 14 of the Dungeon.
You worshipped Ru.
Ru was exalted by your worship.
You were not hungry.

You visited 6 branches of the dungeon, and saw 30 of its levels.
You visited 1 bazaar.

You collected 3702 gold pieces.
You spent 3126 gold pieces at shops.

Inventory:

Hand Weapons
 a - a +2 whip of electrocution (weapon)
 b - a +1 trident
 c - the +6 mace of Rammes {venom, rF+}
   (You bought it in a shop on level 2 of the Orcish Mines)

   It poisons the flesh of those it strikes.
   It protects you from fire.
 w - a +3 broad axe of venom
 z - a +2 broad axe of flaming
Armour
 i - +0 fire dragon scales
 y - a scarf of cloud immunity (worn)
 E - a +2 hat (worn)
 G - a +0 troll leather armour (worn)
 T - a +0 large shield (worn)
Jewellery
 h - a ring of poison resistance (left hand)
 u - a +6 amulet of reflection (around neck)
 K - a ring of resist corrosion (right hand)
 Q - an uncursed amulet of regeneration
Scrolls
 d - 3 scrolls of blinking
 e - 8 scrolls of teleportation
 g - 2 scrolls of magic mapping
 l - 5 scrolls of immolation
 n - 13 scrolls of identify
 q - 5 scrolls of enchant weapon
 t - 5 scrolls of fog
 x - 4 scrolls of remove curse
 H - 7 scrolls of amnesia
 I - 4 scrolls of enchant armour
 M - 2 scrolls of brand weapon
Potions
 j - 5 potions of heal wounds
 p - 3 potions of brilliance
 r - 2 potions of haste
 s - 8 potions of curing
 C - 2 potions of flight
 D - a potion of resistance
 N - 4 potions of agility
 X - a potion of magic
 Y - 4 potions of cancellation
Books
 m - a book of Air

   Spells                             Type                      Level
   a - Shock                          Conjuration/Air              1
   b - Swiftness                      Charms/Air                   2
   c - Static Discharge               Conjuration/Air              3
   d - Airstrike                      Air                          4
   e - Lightning Bolt                 Conjuration/Air              5
 o - a book of Necromancy

   Spells                             Type                      Level
   a - Pain                           Necromancy                   1
   b - Animate Skeleton               Necromancy                   1
   c - Vampiric Draining              Necromancy                   3
   d - Regeneration                   Charms/Necromancy            3
   e - Animate Dead                   Necromancy                   4
   f - Control Undead                 Necromancy                   4
 A - a book of Battle

   Spells                             Type                      Level
   a - Infusion                       Charms                       1
   b - Shroud of Golubria             Charms/Translocation         2
   c - Song of Slaying                Charms                       2
   d - Spectral Weapon                Hexes/Charms                 3
   e - Regeneration                   Charms/Necromancy            3
 B - a book of Enchantments

   Spells                             Type                      Level
   a - Cause Fear                     Hexes                        4
   b - Yara's Violent Unravelling     Hexes/Transmutation          5
   c - Silence                        Hexes/Air                    5
   d - Deflect Missiles               Charms/Air                   6
   e - Discord                        Hexes                        8
 F - a book of Maledictions

   Spells                             Type                      Level
   a - Corona                         Hexes                        1
   b - Ensorcelled Hibernation        Hexes/Ice                    2
   c - Confuse                        Hexes                        3
   d - Tukima's Dance                 Hexes                        3
   e - Dazzling Spray                 Conjuration/Hexes            3
 L - a book of Flames

   Spells                             Type                      Level
   a - Flame Tongue                   Conjuration/Fire             1
   b - Throw Flame                    Conjuration/Fire             2
   c - Conjure Flame                  Conjuration/Fire             3
   d - Inner Flame                    Hexes/Fire                   3
   e - Sticky Flame                   Conjuration/Fire             4
   f - Fireball                       Conjuration/Fire             5
 S - a book of Minor Magic

   Spells                             Type                      Level
   a - Magic Dart                     Conjuration                  1
   b - Blink                          Translocation                2
   c - Call Imp                       Summoning                    2
   d - Slow                           Hexes                        2
   e - Conjure Flame                  Conjuration/Fire             3
   f - Mephitic Cloud                 Conjuration/Poison/Air       3
 U - a book of Fire

   Spells                             Type                      Level
   a - Ignite Poison                  Fire/Transmutation/Poison    3
   b - Fireball                       Conjuration/Fire             5
   c - Bolt of Fire                   Conjuration/Fire             6
   d - Ring of Flames                 Charms/Fire                  7
   e - Ignition                       Fire                         8
Comestibles
 f - 15 bread rations
 k - 8 meat rations
 v - 13 royal jellies


   Skills:
 - Level 13.0(9.1) Fighting
 - Level 12.0(8.2) Maces & Flails
 - Level 7.4(4.0) Polearms
 - Level 16.0(11.8) Throwing
 - Level 8.0(4.5) Armour
 - Level 15.0(11.0) Shields
 + Level 6.6(3.3) Spellcasting
 - Level 3.0(0.0) Conjurations
 + Level 4.1(1.1) Charms
 + Level 4.0(1.0) Necromancy
 - Level 3.5(0.4) Fire Magic


You had 15 spell levels left.
You knew the following spells:

 Your Spells              Type           Power        Failure   Level  Hunger
a - Flame Tongue          Conj/Fire      #....        38%         1    None
c - Conjure Flame         Conj/Fire      #.......     77%         3    ###....
d - Fireball              Conj/Fire      #.........   100%        5    ######.
e - Mephitic Cloud        Conj/Pois/Air  #.......     80%         3    ###....
r - Regeneration          Chrm/Necr      #.........   65%         3    ###....


Dungeon Overview and Level Annotations

Branches:
Dungeon (15/15)            Temple (0/1) D:7            Lair (6/6) D:8
  Swamp (4/4) Lair:2       Spider (0/4) Lair:4        Slime (0/5) Lair:5
    Orc (2/2) D:12            Elf (0/3) Orc:2        Vaults (1/5) D:14
 Depths (2/5) D:15

Altars:
Dithmenos
Elyvilon
Gozag
Kikubaaqudgha
Okawaru
Qazlal
Ru
Trog
Uskayaw
Vehumet
Xom
Zin
The Shining One
Beogh

Shops:
D:5 %   D:10 %(   Orc:2 !(:?:   Depths:1 [}*=

Portals:
Hell: Depths:1
Ziggurat: Depths:2


Innate Abilities, Weirdness & Mutations

You are too large for most types of armour.
You sometimes yell uncontrollably at your foes.
You have tough skin. (AC +1)
You cannot be stealthy.
You cannot study or use magical devices.
You cannot train Dodging skill.
You have somewhat slow reflexes. (EV -5)
You have sharp toenails.
You are partially covered in slimy green scales. (AC +2)
You can translocate small distances at will.
Your mind is acute. (Int +2)
You have an increased reservoir of magic. (+10% MP)
You evolve.


Message History

The meliai begins to pray, but is stunned by your will!
The meliai hits you with a hand axe.
* * * LOW HITPOINT WARNING * * *
You block the meliai's attack.
The meliai invokes the aid of its god against you.
Something smites you!
* * * LOW HITPOINT WARNING * * *
You focus your will and paralyse the meliai in retribution!
You feel much better. You block the meliai's attack. x2
You block the two-headed ogre's attack. x2
The meliai hits you with a hand axe!
* * * LOW HITPOINT WARNING * * *
You block the meliai's attack.
Unknown command.
You hit the meliai.
The meliai is lightly wounded.
You block the meliai's attack.
The meliai stings you but does no damage.
The two-headed ogre hits you with a giant spiked club!!
You die...

█.........██ █..........█
█..........█ █..........█
██..........█ █.....█.█...█
██████████....██.██..█
.......>.......█O█?..██
██████████....██@██...█
███.....)).....█y█....█
<...██████............█████
██..█ █......K.........█
█..█ █...........█.██.█
█..█ ████.█......y..█.██.█


████ █....██████...██.██.█ █.████ █..███.██.█ █.█ █.██ █.██.█ You could see a
two-headed ogre, a big kobold and 2 meliai.

Vanquished Creatures
  Nikola (Swamp:3)
  Jorgrun (Swamp:2)
  A tengu reaver (D:13)
  Kirke (D:14)
  An azure jelly (Swamp:4)
  An orc warlord (Orc:1)
  Aizul (Swamp:2)
  8 very ugly things
  2 stone giants (Depths:1)
  3 jiangshi
  A yaktaur captain (D:13)
  3 fire dragons (Depths:1)
  Erolcha (Orc:2)
  5 ice dragons
  3 ogre magi
  3 ghost crabs (Swamp:3)
  9 hydras
  A catoblepas (Lair:4)
  2 centaur warriors
  Erica (Orc:1)
  A two-headed ogre (shapeshifter) (D:15)
  A death knight (D:15)
  A dancing weapon (D:14)
  8 alligators
  13 two-headed ogres
  2 deep troll shamans (Depths:1)
  6 death yaks
  Urug (D:12)
  A vampire mage (Depths:1)
  2 deep troll earth magi
  5 skeletal warriors (D:13)
  5 spriggan druids
  2 iron trolls
  A sea snake (shapeshifter) (D:14)
  3 shambling mangroves
  6 swamp dragons
  6 deep trolls (Depths:1)
  A phantasmal warrior (D:15)
  A shadow dragon zombie (Depths:1)
  An orc knight (Orc:2)
  An orb spider (Lair:4)
  3 necromancers
  5 ugly things
  5 deep elf magi
  13 orc sorcerers
  A wolf spider zombie (D:14)
  7 oklob plants
  2 manticores
  A cyclops (D:15)
  A shadow dragon skeleton (Depths:1)
  3 centaur zombies
  5 black mambas
  3 elephants (Lair:5)
  A naga mage (D:15)
  A torpor snail (Lair:2)
  7 komodo dragons
  A kobold demonologist (D:15)
  A yaktaur zombie (Depths:1)
  14 spiny frogs
  An efreet (D:15)
  6 freezing wraiths
  2 rime drakes
  7 yaktaurs
  2 tengu conjurers
  2 polar bears (Lair:6)
  A merfolk (shapeshifter) (D:13)
  5 trolls
  A wolf spider simulacrum (D:15)
  15 hornets
  A spriggan zombie (Depths:1)
  4 tyrant leeches
  4 bog bodies
  An ettin zombie (Depths:1)
  10 slime creatures
  14 dream sheep
  10 hippogriffs
  A fire dragon skeleton (Depths:1)
  A frost giant simulacrum (Depths:1)
  12 blink frogs
  A snapping turtle (shapeshifter) (D:13)
  41 yaks
  A water elemental (Depths:1)
  14 spriggans
  4 shadows
  A spriggan (shapeshifter) (D:14)
  A wraith (D:12)
  2 hogs (D:14)
  4 wyverns
  3 hungry ghosts
  5 basilisks
  5 swamp worm simulacra (Swamp:4)
  20 vampire mosquitoes
  Edmund (D:5)
  24 insubstantial wisps
  19 swamp worms
  A two-headed ogre zombie (D:12)
  12 hydra simulacra (Swamp:4)
  A soldier ant (shapeshifter) (D:12)
  17 water moccasins
  A soldier ant (D:13)
  8 porcupines
  18 orc warriors
  9 swamp drakes
  2 ice beasts
  6 sky beasts
  5 black bears (Lair:6)
  36 wolves
  4 boggarts (Lair:6)
  22 ogres
  2 phantoms
  3 necrophages
  9 centaurs
  A centaur (shapeshifter) (D:15)
  10 crocodiles
  Blork the orc (D:4)
  3 big kobolds
  15 bullfrogs
  3 gnoll sergeants (D:10)
  A water moccasin zombie (D:8)
  3 scorpions
  A troll zombie (D:12)
  5 jellies
  14 killer bees
  9 wights
  13 electric eels
  5 crimson imps
  2 howler monkeys (D:5)
  2 quasits
  A bullfrog zombie (D:5)
  6 centaur skeletons
  15 hounds
  13 orc priests
  A bullfrog skeleton (D:10)
  4 gnoll shamans
  3 iguanas
  38 orc wizards
  9 worker ants
  5 ogre zombies (D:12)
  2 hound zombies
  24 gnolls
  12 adders
  2 shadow imps
  2 oozes (Lair:5)
  2 swamp drake simulacra (Swamp:4)
  3 adder zombies (D:5)
  3 adder skeletons
  A worm (D:3)
  3 dart slugs
  5 leopard geckos
  84 orcs
  7 bats
  8 giant cockroaches
  7 goblins
  7 hobgoblins
  6 jackals
  3 quokkas
  6 frilled lizards
  A goblin skeleton (D:12)
  5 goblin zombies (D:12)
  2 hobgoblin skeletons (D:12)
  3 hobgoblin zombies (D:12)
  23 kobolds
  3 orc skeletons (D:12)
  11 orc zombies (D:12)
  A quokka skeleton (D:5)
  12 rats
  6 fungi
  22 plants
1052 creatures vanquished.

Vanquished Creatures (others)
  A two-headed ogre (D:15)
  A dancing weapon (D:14)
  An alligator (Swamp:4)
  A spriggan (Lair:6)
  A spiny frog (Swamp:3)
  A hornet (Lair:6)
  3 humans (D:14)
  A wyvern (D:12)
  3 insubstantial wisps
  2 swamp worms (Swamp:1)
  A warg (Orc:2)
  A hydra simulacrum (Swamp:4)
  A black bear (D:8)
  An orc warrior (D:15)
  2 crimson imps (D:14)
  An orc wizard (Orc:2)
  Jessica (D:3)
  2 worker ants
  An ogre zombie (D:12)
  A gnoll (D:10)
  A swamp drake simulacrum (Swamp:4)
  6 orcs
  46 bushes (Depths:1)
  14 fungi
  55 plants
149 creatures vanquished.

Grand Total: 1201 creatures vanquished

Notes
Turn   | Place    | Note
-------+----------+-------------------------------------------
     0 | D:1      | nht the Ogre Fighter began the quest for the Orb.
     0 | D:1      | Reached XP level 1. HP: 24/24 MP: 1/1
   229 | D:1      | Reached XP level 2. HP: 22/32 MP: 2/2
   923 | D:2      | Reached XP level 3. HP: 39/39 MP: 3/3
   945 | D:2      | Found a sacrificial altar of Ru.
  1127 | D:2      | Became a worshipper of Ru the Awakened
  1273 | D:3      | Reached XP level 4. HP: 46/48 MP: 4/4
  1287 | D:3      | You fall through a shaft for 3 floors!
  1419 | D:5      | Entered Level 5 of the Dungeon
  1657 | D:4      | Reached skill level 5 in Polearms
  1657 | D:4      | Reached XP level 5. HP: 28/54 MP: 5/5
  1773 | D:4      | Noticed an ogre
  2049 | D:4      | Killed an ogre
  2049 | D:4      | Reached XP level 6. HP: 56/62 MP: 6/6
  2249 | D:3      | Gained mutation: You cannot study or use magical devices. [Ru sacrifice]
  2249 | D:3      | Reached * piety under Ru
  2249 | D:3      | Reached ** piety under Ru
  2325 | D:3      | Found a radiant altar of Vehumet.
  2562 | D:3      | Found a shadowy altar of Dithmenos.
  2576 | D:3      | Noticed Jessica
  2578 | D:3      | Killed Jessica
  2774 | D:3      | Reached XP level 7. HP: 58/70 MP: 7/7
  3048 | D:4      | Noticed Blork the orc
  3061 | D:4      | Killed Blork the orc
  3061 | D:4      | Reached skill level 1 in Maces & Flails
  3366 | D:5      | Noticed Edmund
  3380 | D:5      | Killed Edmund
  3696 | D:5      | Found Iqokuy's Food Shop.
  3718 | D:5      | Reached XP level 8. HP: 75/78 MP: 8/8
  4134 | D:5      | Reached skill level 5 in Maces & Flails
  4661 | D:6      | Gained mutation: You have somewhat slow reflexes. (EV -5) [Ru sacrifice]
  4661 | D:6      | Reached *** piety under Ru
  4661 | D:6      | Reached **** piety under Ru
  4878 | D:6      | Reached XP level 9. HP: 70/84 MP: 9/9
  5000 | D:7      | Found a white marble altar of Elyvilon.
  5011 | D:7      | Found an iron altar of Okawaru.
  5630 | D:7      | Found a staircase to the Ecumenical Temple.
  5663 | D:7      | Noticed an angel
  5664 | D:7      | Found a shimmering altar of Xom.
  5664 | D:7      | Found a glowing silver altar of Zin.
  6074 | D:7      | Reached skill level 1 in Armour
  6546 | D:8      | Noticed a troll
  6610 | D:8      | Reached skill level 5 in Fighting
  6620 | D:8      | Killed a troll
  6620 | D:8      | Reached XP level 10. HP: 96/96 MP: 10/10
  6716 | D:8      | Reached skill level 10 in Maces & Flails
  7446 | D:8      | Noticed a two-headed ogre
  7459 | D:8      | Killed a two-headed ogre
  7489 | D:8      | Found an opulent altar of Gozag.
  7962 | D:8      | Noticed a two-headed ogre
  7971 | D:8      | Killed a two-headed ogre
  8384 | D:8      | Reached skill level 5 in Shields
  8406 | D:8      | Found a stormy altar of Qazlal.
  8813 | D:9      | Reached skill level 1 in Throwing
  8844 | D:9      | Reached skill level 2 in Throwing
  9038 | D:10     | Entered Level 10 of the Dungeon
  9038 | D:10     | Found Qaankaqig's Food Emporium.
  9047 | D:10     | Reached skill level 3 in Throwing
  9118 | D:10     | Reached skill level 4 in Throwing
  9118 | D:10     | Reached XP level 11. HP: 60/109 MP: 11/11
  9233 | D:10     | Reached skill level 5 in Throwing
 10290 | D:10     | Reached skill level 6 in Throwing
 11181 | D:10     | Reached skill level 7 in Throwing
 11356 | D:10     | Found Figas's Antique Weapon Shoppe.
 11606 | D:9      | Noticed a two-headed ogre
 11614 | D:9      | Killed a two-headed ogre
 12046 | D:9      | Noticed a two-headed ogre
 12068 | D:9      | Killed a two-headed ogre
 12098 | D:9      | Found a bloodstained altar of Trog.
 12358 | D:10     | Reached skill level 8 in Throwing
 13020 | D:12     | Found a staircase to the Orcish Mines.
 13020 | D:12     | Noticed an orc sorcerer
 13297 | D:12     | Reached XP level 12. HP: 82/116 MP: 12/12
 13432 | D:12     | Reached skill level 9 in Throwing
 13500 | D:12     | Gained mutation: You occasionally shout uncontrollably at your foes. [Ru sacrifice]
 13501 | D:12     | best sacrifice
 13702 | D:12     | AAAAAAAAAAAAAAAAAAAAAAAAAAAAAAAAAAAAAAAAA
 14187 | D:12     | Noticed a two-headed ogre
 14190 | D:12     | Killed a two-headed ogre
 14218 | D:12     | Noticed Urug
 14219 | D:12     | Gained mutation: You are partially covered in slimy green scales. (AC +2) [potion of mutation]
 14219 | D:12     | Gained mutation: You evolve. [potion of mutation]
 14234 | D:12     | Killed Urug
 14899 | D:12     | Gained mutation: You can translocate small distances at will. [evolution]
 14968 | D:12     | Reached skill level 11 in Throwing
 14968 | D:12     | Reached XP level 13. HP: 125/125 MP: 13/13
 15032 | Orc:1    | Entered Level 1 of the Orcish Mines
 15034 | Orc:1    | Noticed an orc warlord
 15039 | Orc:1    | Noticed Erica
 15211 | D:8      | Found a staircase to the Lair.
 15289 | Lair:1   | Entered Level 1 of the Lair of Beasts
 15957 | Lair:2   | Gained mutation: You cannot be stealthy. [Ru sacrifice]
 15957 | Lair:2   | Reached ***** piety under Ru
 16930 | Lair:2   | Reached skill level 12 in Throwing
 16973 | Lair:2   | Reached skill level 5 in Armour
 17438 | Lair:2   | Found a staircase to the Swamp.
 18464 | Lair:2   | Reached XP level 14. HP: 138/138 MP: 14/14
 18503 | Lair:3   | Found a hide-covered altar of Uskayaw.
 18739 | Lair:3   | Gained mutation: You cannot train Dodging skill. [Ru sacrifice]
 19967 | Lair:4   | Reached skill level 10 in Fighting
 20005 | Lair:4   | Found a hole to the Spider Nest.
 20358 | Lair:4   | Gained mutation: Your mind is acute. (Int +2) [evolution]
 20589 | Lair:5   | Found a staircase to the Slime Pits.
 20624 | Lair:5   | Gained mutation: You sometimes yell uncontrollably at your foes. [Ru sacrifice]
 20624 | Lair:5   | Reached ****** piety under Ru
 21214 | Lair:6   | Entered Level 6 of the Lair of Beasts
 21232 | Lair:6   | Reached skill level 13 in Throwing
 22238 | Lair:6   | Gained mutation: You have an increased reservoir of magic. (+10% MP) [evolution]
 22911 | Lair:6   | Reached XP level 15. HP: 144/152 MP: 16/16
 23531 | Lair:2   | Reached skill level 14 in Throwing
 24181 | D:13     | Reached skill level 10 in Shields
 24220 | D:13     | Found an iron altar of Okawaru.
 24436 | D:13     | Found a runed door.
 24439 | D:13     | Noticed a tengu reaver
 24576 | D:13     | Killed a tengu reaver
 25128 | D:14     | Noticed Kirke
 25150 | D:14     | Killed Kirke
 25780 | D:14     | Learned a level 1 spell: Flame Tongue
 25782 | D:14     | Found a gate to the Vaults.
 25844 | D:15     | Entered Level 15 of the Dungeon
 25875 | D:15     | Reached skill level 15 in Throwing
 25875 | D:15     | Reached skill level 1 in Spellcasting
 25890 | D:15     | Reached skill level 1 in Fire Magic
 25993 | D:15     | Reached skill level 1 in Conjurations
 26218 | D:14     | Learned a level 3 spell: Regeneration
 26388 | D:15     | Found a staircase to the Depths.
 26450 | D:15     | Found a white marble altar of Elyvilon.
 26603 | D:15     | Found a flickering gateway to a bazaar.
 26612 | Bazaar   | Entered a bazaar
 26631 | Bazaar   | Found Owuif's Food Shop.
 26645 | Bazaar   | Found Teongo's Magic Scroll Shop.
 26673 | Bazaar   | Found Geff's Distillery.
 26673 | Bazaar   | Found Mourot's Jewellery Boutique.
 26708 | Bazaar   | Bought a scroll of enchant armour for 120 gold pieces
 26708 | Bazaar   | Bought a scroll of teleportation for 48 gold pieces
 26708 | Bazaar   | Bought a scroll of blinking for 120 gold pieces
 26708 | Bazaar   | Bought a scroll of acquirement for 832 gold pieces
 26729 | Bazaar   | Bought a potion of curing for 48 gold pieces
 26729 | Bazaar   | Bought a potion of magic for 128 gold pieces
 26729 | Bazaar   | Bought a potion of flight for 48 gold pieces
 26729 | Bazaar   | Bought a potion of brilliance for 64 gold pieces
 26729 | Bazaar   | Bought a potion of heal wounds for 80 gold pieces
 26729 | Bazaar   | Bought a potion of agility for 64 gold pieces
 26729 | Bazaar   | Bought a potion of lignification for 48 gold pieces
 26729 | Bazaar   | Bought a potion of agility for 64 gold pieces
 26729 | Bazaar   | Bought 2 potions of haste for 320 gold pieces
 26729 | Bazaar   | Bought a potion of curing for 48 gold pieces
 26729 | Bazaar   | Bought a potion of curing for 48 gold pieces
 26729 | Bazaar   | Bought a potion of cancellation for 128 gold pieces
 26767 | D:15     | Learned a level 3 spell: Conjure Flame
 26773 | D:15     | Learned a level 5 spell: Fireball
 26831 | D:15     | Reached XP level 16. HP: 161/167 MP: 21/21
 26916 | D:15     | Found a glowing golden altar of the Shining One.
 27171 | Orc:1    | Paralysed by an orc sorcerer for 6 turns
 27179 | Orc:1    | Killed Erica
 27569 | Orc:2    | Entered Level 2 of the Orcish Mines
 27669 | Orc:2    | Found Xaceitwa's Book Shop.
 27836 | Orc:2    | Learned a level 3 spell: Mephitic Cloud
 27905 | Orc:2    | Found a staircase to the Elven Halls.
 28004 | Orc:2    | Found Ogaat's Distillery.
 28019 | Orc:2    | Found a radiant altar of Vehumet.
 28028 | Orc:2    | Noticed Erolcha
 28035 | Orc:2    | Killed Erolcha
 28041 | Orc:2    | Found Ajivif's Magic Scroll Emporium.
 28085 | Orc:2    | Found Zeygel's Antique Weapon Emporium.
 28114 | Orc:2    | Found an ancient bone altar of Kikubaaqudgha.
 28156 | Orc:2    | Bought a scroll of magic mapping for 45 gold pieces
 28156 | Orc:2    | Bought a scroll of fear for 45 gold pieces
 28183 | Orc:2    | Found a roughly hewn altar of Beogh.
 28184 | Orc:2    | Found Idghourch's Book Shoppe.
 28629 | Orc:2    | Bought a twisted mace for 264 gold pieces
 28629 | Orc:2    | Identified the +6 mace of Rammes {venom, rF+} (You bought it in a shop on level 2 of the Orcish Mines)
 28650 | Orc:2    | Bought a potion of heal wounds for 70 gold pieces
 28650 | Orc:2    | Bought a potion of lignification for 42 gold pieces
 28650 | Orc:2    | Bought a potion of berserk rage for 70 gold pieces
 28650 | Orc:2    | Bought a potion of agility for 56 gold pieces
 28650 | Orc:2    | Bought a potion of agility for 56 gold pieces
 28650 | Orc:2    | Bought a potion of cancellation for 112 gold pieces
 28650 | Orc:2    | Bought a potion of cancellation for 112 gold pieces
 28941 | Swamp:1  | Entered Level 1 of the Swamp
 30052 | Swamp:1  | Reached skill level 16 in Throwing
 30410 | Swamp:3  | Noticed Nikola
 30418 | Swamp:3  | Killed Nikola
 30646 | Swamp:3  | Gained mutation: You have sharp toenails. [evolution]
 31198 | Swamp:2  | Noticed Aizul
 31563 | Swamp:3  | Paralysed by a hornet for 3 turns
 31572 | Swamp:3  | Paralysed by a hornet for 1 turns
 32158 | Swamp:2  | Killed Aizul
 32158 | Swamp:2  | Reached XP level 17. HP: 176/176 MP: 25/25
 32490 | Swamp:2  | Paralysed by a hornet for 2 turns
 32818 | Swamp:2  | Noticed Jorgrun
 32871 | Swamp:2  | Killed Jorgrun
 33299 | Swamp:4  | Entered Level 4 of the Swamp
 34871 | Swamp:4  | Got a decaying rune of Zot
 35260 | Depths:1 | Entered Level 1 of the Depths
 36005 | Depths:1 | Found Turhich's Assorted Antiques.
 36005 | Depths:1 | Found Hagre's Gadget Shop.
 36009 | Depths:1 | Reached skill level 1 in Charms
 36009 | Depths:1 | Reached skill level 1 in Necromancy
 36015 | Depths:1 | Found Virgh's Jewellery Boutique.
 36021 | Depths:1 | Found Muukogr Bamm's Antique Armour Shop.
 36040 | Depths:1 | Reached skill level 15 in Shields
 36046 | Depths:1 | Bought a dark potion for 46 gold pieces
 36123 | Depths:1 | Noticed a lich
 36276 | Depths:1 | Found a gateway to Hell.
 36328 | Depths:1 | Reached skill level 5 in Spellcasting
 37196 | D:15     | Reached XP level 18. HP: 141/185 MP: 16/29
 37646 | Depths:2 | Found a gateway to a ziggurat.
 38152 | Vaults:1 | Entered Level 1 of the Vaults
 38205 | D:14     | Slain by a two-headed ogre

Vault maps used:
D:1:      lemuel_arrival_behind_the_door_large, minmay_misc_feat_more_columns,
          st_stairs_2, dk_noncrumbling_4, minmay_misc_feat_encased,
          minmay_pentomino_s2
D:2:      overflow_temple_1_default, nicolae_underground_beach
D:3:      lemuel_round_altar, nicolae_overflow_crystal_walls, uniq_jessica
D:4:      hangedman_abyss_or_decor_stabs, uniq_blork_the_orc
D:5:      serial_shops, shop, first_bread, uniq_edmund
D:6:      eino_small_chamber_without_monster
D:7:      grunt_temple_overflow_order_and_chaos_1,
          nicolae_overflow_hidden_temple, minmay_temple_entry_purple_smoke,
          grunt_ogre_cave, st_stairs_8
D:8:      black_bear_nest_1, grunt_gozag_statues, grunt_qazlal_clouds,
          erik_lair_island, kennysheep_generic_room_4
D:9:      bloody_trog
D:10:     serial_gnoll_camp, gnoll_camp_mini_hut, gnoll_camp_mini_shop,
          gnoll_camp_mini_house, gnoll_camp_huts_basic,
          gnoll_camp_mini_sergeant, gnoll_camp_mini_doghouse, serial_shops,
          nicolae_shop_statue_plus, minmay_misc_feat_cross
D:12:     minmay_blocky_corners, zombieorc2_lemuel, uniq_urug
D:13:     basic_altar, spider_trap, minmay_hidden_floor
D:14:     erik_vaults_1, uniq_kirke
D:15:     grunt_enter_depths_magical_seal, serial_shops, bzr_entry_safe,
          elyvilon_altar_5, nicolae_tso_swordbearing_angel
Lair:1:   serial_bayou_pond_c
Lair:2:   minmay_lair_oklob_tunnel, minmay_swamp_entry_eels,
          lemuel_fruit_fields, minmay_lair_oklob_chamber
Lair:3:   lemuel_oklob_altar, infiniplex_staircase_pool, serial_bayou_shore_a
Lair:4:   nicolae_spider_entry_orb_guardian
Lair:5:   nicolae_slime_entry_slimehenge, lemuel_old_faithful, lemuel_fruit_tree
Lair:6:   minmay_lair_end_enchanted_forest
Swamp:1:  serial_swamp_ruin, evilmike_swamp_ruin_house_1,
          evilmike_swamp_ruin_house_5
Swamp:2:  nicolae_swamp_treefoil, uniq_aizul, uniq_jorgrun
Swamp:3:  evilmike_swamp_ruin_rubble_1, uniq_nikola
Swamp:4:  swamp_icy, swamp_pool5
Orc:1:    nicolae_volcano_entry_lava_flow, uniq_erica
Orc:2:    kennysheep_orc_mage_school, serial_shops, nicolae_shop_trees
Vaults:1: v_alt_pattern_3, vaults_room_door_ring, vaults_mumra_chevron_long,
          vaults_room_hallway, nicolae_vaults_arrows, v_misc_5,
          vaults_room_stairs_pillars, nicolae_vaults_little_squares_4,
          vaults_room_fours, vaults_room_semicircle, serial_shops, bzr_firewalk
Depths:1: nicolae_trove_entry_diagonal, minmay_hedge_maze, hell_entry,
          kennysheep_dice, minmay_shoptagon
Depths:2: kennysheep_large_vault, enter_ziggurat_a,
          hangedman_abyss_or_decor_clamps, pf_hell_entry_great_geh
Bazaar:   bazaar_jpeg_honeycomb

Skill      XL: |  1  2  3  4  5  6  7  8  9 10 11 12 13 14 15 16 17 18 |
---------------+-------------------------------------------------------+-----
Polearms       | 3 4 5 6 7 |  7.4
Maces & Flails | 4 7 9 10 11 12 | 12.0
Shields        | 3 5 7 8 9 10 12 15 | 15.0
Armour         | 1 3 5 6 8 |  8.0
Fighting       | 5 7 9 11 12 13 | 13.0
Throwing       | 4 8 11 12 13 15 16 | 16.0
Dodging        | 0 |  0.0
Spellcasting   | 2 4 5 6 |  6.6
Fire Magic     | 1 3 |  3.5
Conjurations   | 1 3 |  3.0
Charms         | 3 4 |  4.1
Necromancy     | 3 4 |  4.0

Action                   |  1- 3 |  4- 6 |  7- 9 | 10-12 | 13-15 | 16-18 || total
-------------------------+-------+-------+-------+-------+-------+-------++-------
Melee: Trident           |   119 |   223 |    34 |    48 |     3 |       ||   427
       Whip              |       |       |   344 |   894 |  1524 |  2061 ||  4823
       Kick              |       |       |       |       |       |   482 ||   482
       Mace              |       |       |       |       |       |    35 ||    35
Throw: Tomahawk          |       |       |       |    54 |   272 |   153 ||   479
       Throwing net      |       |       |       |     1 |     1 |       ||     2
       Javelin           |       |       |       |     3 |    91 |    12 ||   106
       Large rock        |       |       |       |       |    23 |    50 ||    73
 Cast: Regeneration      |       |       |       |       |     3 |     8 ||    11
       Mephitic Cloud    |       |       |       |       |       |    12 ||    12
       Fireball          |       |       |       |       |       |     4 ||     4
       Conjure Flame     |       |       |       |       |       |     4 ||     4
Invok: Sacrifice Artific |       |     1 |       |       |       |       ||     1
       Sacrifice Health  |       |       |     1 |       |       |       ||     1
       Draw Out Power    |       |       |     1 |     2 |     1 |     2 ||     6
       Power Leap        |       |       |     1 |     1 |     1 |     3 ||     6
       Reject Sacrifices |       |       |       |     1 |       |       ||     1
       Sacrifice Purity  |       |       |       |     1 |     1 |       ||     2
       Sacrifice Stealth |       |       |       |       |     1 |       ||     1
       Apocalypse        |       |       |       |       |     9 |     7 ||    16
       Sacrifice Nimblen |       |       |       |       |     1 |       ||     1
  Use: Scroll            |       |    12 |     5 |     8 |    12 |    15 ||    52
       Potion            |       |     3 |     1 |     6 |     4 |    17 ||    31
 Stab: Sleeping          |     2 |       |       |     2 |       |       ||     4
       Invisible         |       |     1 |     2 |    13 |    16 |    24 ||    56
       Distracted        |       |       |       |     4 |     7 |     5 ||    16
       Petrified         |       |       |       |       |     1 |       ||     1
       Paralysed         |       |       |       |       |    19 |    40 ||    59
       Confused          |       |       |       |       |       |     4 ||     4
  Eat: Chunk             |     1 |     5 |    18 |    21 |    32 |    16 ||    93
       Fruit             |       |       |       |     2 |     3 |    12 ||    17
       Meat ration       |       |       |       |     1 |     1 |     3 ||     5
       Bread ration      |       |       |       |       |       |     1 ||     1
Armor: Robe              |    19 |    49 |    52 |    85 |       |       ||   205
       Skin              |       |       |     9 |     6 |     4 |    35 ||    54
       Ice dragon scales |       |       |       |   100 |   306 |   453 ||   859
       Troll leather arm |       |       |       |       |       |    35 ||    35
Dodge: Dodged            |    24 |    55 |    52 |    52 |    41 |    56 ||   280
Block: Shield            |    26 |    56 |   101 |   256 |   294 |       ||   733
       Large shield      |       |       |       |       |   124 |  1165 ||  1289
       Reflection        |       |       |       |       |       |     5 ||     5
